 Dungeon Crawl Stone Soup version 0.19.0-19-g8c6edcc (webtiles) character file.

21 nubinia the Charlatan (level 2, 14/14 HPs)
             Began as a Spriggan Artificer on Nov 15, 2016.
             Quit the game on level 1 of the Dungeon.
             The game lasted 00:03:42 (769 turns).

nubinia the Charlatan (Spriggan Artificer)           Turns: 769, Time: 00:03:43

Health: 14/14      AC:  2    Str:  8    XL:     2   Next: 62%
Magic:  6/6        EV: 19    Int: 12    God:
Gold:   102        SH:  0    Dex: 16    Spells: 0 memorised, 1 level left

rFire  . . .     SeeInvis +     a - +0 short sword
rCold  . . .     Gourm    .     b - +0 robe
rNeg   . . .     Faith    .     (shield restricted)
rPois  .         Spirit   .     (helmet restricted)
rElec  .         Reflect  .     (no cloak)
rCorr  .         Harm     .     (gloves unavailable)
MR     .....                    (boots unavailable)
Stlth  ++........               (no amulet)
                                (no ring)
                                (no ring)

@: very quick
A: unfitting armour, see invisible, herbivore 3, speed 3, slow metabolism 2
a: no special abilities


You were on level 1 of the Dungeon.
You were not hungry.

You visited 1 branch of the dungeon, and saw 2 of its levels.

You collected 102 gold pieces.

Inventory:

Hand Weapons
 a - a +0 short sword (weapon)
 n - a +0 hunting sling
Armour
 b - a +0 robe (worn)
Jewellery
 p - a +3 amulet of reflection {unknown}
Wands
 c - a wand of flame (15/48)
 d - a wand of enslavement (14/24)
 e - a wand of random effects (15/48)
Scrolls
 h - a scroll of immolation {unknown}
 j - a scroll of identify {unknown}
 k - 2 scrolls of magic mapping {unknown}
 q - a scroll of blinking {unknown}
Potions
 g - a potion of cancellation {unknown}
 i - a potion of might {unknown}
 l - a potion of lignification {unknown}
 m - a potion of heal wounds {unknown}
Comestibles
 f - 2 bread rations
 o - a royal jelly


   Skills:
 + Level 0.8 Fighting
 + Level 1.4 Short Blades
 + Level 3.5 Dodging
 + Level 2.1 Stealth
 + Level 4.5 Evocations


You had one spell level left.
You didn't know any spells.

Dungeon Overview and Level Annotations

Branches:
Dungeon (2/15)

Altars:

Annotations:
D:2 Robin


Innate Abilities, Weirdness & Mutations

You are very small and have problems with some larger weapons.
You are too small for most types of armour.
You have supernaturally acute eyesight. (SInv)
You are a herbivore.
You cover ground extremely quickly.
You need consume almost no food.


Message History

Anything else - Cancel.
Gang up on whom?
Press: ? - help, Dir - move target cursor, f - dart slug, p - dart slug
Aim: a dart slug (clinging) Attack!
The dart slug launches a dart at you. The slug dart hits your dart slug.
Something bites your dart slug.
Your dart slug bites something.
Something bites your dart slug but does no damage.
Your dart slug launches a dart at something.
Something bites your dart slug but does no damage.
Your dart slug bites something.
Something bites your dart slug.
Your dart slug launches a dart at something.
You feel a bit more experienced.
Your dart slug barely misses something.
Something bites your dart slug.
Your dart slug dies!
The adder hisses angrily.
Are you sure you want to abandon this character and quit the game? (Confirm with "yes".)

...#....# #.......##.w ##
.....##.#### ###.##.......#
.## .....##....#
#...###.....(.#..#
.....#####.# ##.###
#...###..#.## .....#
#.###..# ##..>## #.#..#
....######.....##
#.....###..... ...##
#......### #...#.........
#.##
#†.####.#######.).#######...
#.# #.## #....@......###
#w#. #.# #..
######........## #.# ......#
#.S##.#....####.## .....#
#.#..[##.....#.... ...#
######...##...>...w.... ...
#......................
#.####...####..........
##.####..## #.......)..
#.......## ##.........


You could see an adder.

Vanquished Creatures
  A leopard gecko (D:1)
  4 bats (D:1)
  A giant cockroach (D:1)
  6 goblins
  A hobgoblin (D:1)
  3 rats (D:1)
16 creatures vanquished.

Vanquished Creatures (collateral kills)
  A dart slug (D:1)
1 creature vanquished.

Vanquished Creatures (others)
  A dart slug (D:1)
1 creature vanquished.

Grand Total: 18 creatures vanquished

Notes
Turn   | Place    | Note
-------+----------+-------------------------------------------
     0 | D:1      | nubinia the Spriggan Artificer began the quest for the Orb.
     0 | D:1      | Reached XP level 1. HP: 9/9 MP: 4/4
   181 | D:1      | Reached XP level 2. HP: 12/14 MP: 6/6
   567 | D:1      | You fall through a shaft!
   637 | D:2      | Noticed Robin
   769 | D:1      | Quit the game

Skill      XL: |  1  2 |
---------------+-------+-----
Stealth        | 2 |  2.1
Fighting       | |  0.8
Short Blades   | |  1.4
Dodging        | |  3.5
Evocations     | |  4.5

Action                   || total
-------------------------++-------
Melee: Short sword       ||    45
Evoke: Wand              ||     1
 Stab: Sleeping          ||     5
Armor: Robe              ||     4
Dodge: Dodged            ||    38
